 Dungeon Crawl Stone Soup version 0.16.0-5-g717f7e7 (console) character file.

39 gw the Firebug (level 3, -4/20 HPs)
             Began as a Deep Elf Fire Elementalist on Mar 15, 2015.
             Slain by an orc
             ... wielding a +0 flail
              (5 damage)
             ... on level 3 of the Dungeon.
             The game lasted 00:02:26 (1741 turns).

gw the Firebug (Deep Elf Fire Elementalist)         Turns: 1741, Time: 00:02:26

Health: -4/20      AC:  5    Str:  5    XL:     3   Next: 26%
Magic:  0/11       EV: 13    Int: 20    God:
Gold:   34         SH:  0    Dex: 15    Spells: 2 memorised, 6 levels left

rFire  . . .     SeeInvis .     a - +0 short sword
rCold  . . .     Rnd*Rage +     n - +0 robe
rNeg   . . .     SustAb   .     (no shield)
rPois  .         Gourm    .     (no helmet)
rElec  .         Spirit   .     h - +2 cloak
rCorr  .         Warding  .     (no gloves)
rMut   .         Stasis   .     (no boots)
MR     .....                    (no amulet)
Stlth  ++........               (no ring)
                                (no ring)

@: short of breath, not resistant to hostile enchantments, unstealthy
A: hooves 1, berserk 1, spit poison 1
a: Spit Poison


You were on level 3 of the Dungeon.
You were very hungry.

You visited 1 branch of the dungeon, and saw 3 of its levels.

You collected 34 gold pieces.

Inventory:

Hand weapons
 a - a +0 short sword (weapon)
Missiles
 g - 12 arrows of flame
Armour
 h - a +2 cloak (worn)
 n - a +0 robe (worn)
Magical devices
 e - a wand of invisibility (4)
Scrolls
 j - 4 scrolls of identify
Potions
 k - a potion of berserk rage {unknown}
 l - a potion of agility
 m - a potion of magic {unknown}
Books
 b - a book of Flames

   Spells                             Type                      Level
   a - Flame Tongue                   Conjuration/Fire             1
   b - Throw Flame                    Conjuration/Fire             2
   c - Conjure Flame                  Conjuration/Fire             3
   d - Inner Flame                    Hexes/Fire                   3
   e - Sticky Flame                   Conjuration/Fire             4
   f - Fireball                       Conjuration/Fire             5
Comestibles
 c - a bread ration
 f - 2 beef jerkies
 i - a meat ration


   Skills:
 + Level 0.8 Fighting
 + Level 0.7 Armour
 - Level 2.4 Dodging
 - Level 2.4 Stealth
 * Level 3.7 Spellcasting
 - Level 1.1 Conjurations
 + Level 3.8 Fire Magic


You had 6 spell levels left.
You knew the following spells:

 Your Spells              Type           Power        Failure   Level  Hunger
a - Flame Tongue          Conj/Fire      ##...        6%          1    None
b - Throw Flame           Conj/Fire      ##....       10%         2    ##.....


Dungeon Overview and Level Annotations

Branches:
Dungeon (3/15)

Altars:
Sif Muna


Innate Abilities, Weirdness & Mutations

You have large cloven feet.
You tend to lose your temper in combat.
You can spit poison.


Message History

Unknown command.
Use which ability? (? or * to list)
Press: ? - help, Shift-Dir - straight line, f - adder
Aim: an adder The splash of poison hits the adder.
The adder is almost dead.
You feel slightly more hungry. The orc closely misses you.
The orc hits you but does no damage.
The orc wizard hits you but does no damage.
The adder bites you.
Unknown command.
Unknown command.
Unknown command.
Unknown command.
ATTACK MOVE TO (-1,-1)
You hit the adder.
You kill the adder!
The bat hits you but does no damage. The orc wizard hits you with a dagger.
The orc hits you with a flail.
You die...

... ####.# ......#
.......# ......#####..
....o.......
#.o.r......
#.boo......# #e# #####
#.# #...# #.# #...#
#.# #####...# #.#
#.......#
##.#####.###...#
#.........##...#
#..#######<+...#
######......#####...##


You could see an orc wizard, 3 orcs, a bat and a rat.

Table legend:
 A = Turns spent in this place as a percentage of turns spent in the entire game.
 B = Non-inter-level travel turns spent in this place as a percentage of non-inter-level travel turns spent in the entire game.
 C = Inter-level travel turns spent in this place as a percentage of turns spent in this place.
 D = Turns resting spent in this place as a percentage of non-inter-level travel turns spent in this place.
 E = Turns spent auto-exploring this place as a percentage of non-inter-level travel turns spent in this place.
 F = Non-inter-level travel turns spent in this place divided by the number of levels of this place that you've seen.
                   A       B       C       D       E      F
               +-------+-------+-------+-------+-------+----------------------
         Total | 100.0 | 100.0 |   0.2 |   1.7 |   2.4 | 1079.0
       Dungeon | 100.0 | 100.0 |   0.2 |   1.7 |   2.4 | 1079.0
               +-------+-------+-------+-------+-------+----------------------

Table legend:
 A = Kills in this place as a percentage of kills in entire the game.
 B = Kills by you in this place as a percentage of kills by you in the entire game.
 C = Kills by friends in this place as a percentage of kills by friends in the entire game.
 D = Other kills in this place as a percentage of other kills in the entire game.
 E = Experience gained in this place as a percentage of experience gained in the entire game.
 F = Experience gained in this place divided by the number of levels of this place that you have seen.
                   A       B       C       D       E      F
               +-------+-------+-------+-------+-------+----------------------
         Total | 100.0 | 100.0 |  -nan |  -nan | 100.0 |  18.7
       Dungeon | 100.0 | 100.0 |  -nan |  -nan | 100.0 |  18.7
               +-------+-------+-------+-------+-------+----------------------

Vanquished Creatures
  An adder (D:3)
  2 worms
  An orc (D:3)
  A bat (D:2)
  4 goblins
  4 kobolds
  A quokka (D:3)
  2 ball pythons
  2 giant newts (D:2)
  2 rats
20 creatures vanquished.

Notes
Turn   | Place    | Note
--------------------------------------------------------------
     0 | D:1      | gw, the Deep Elf Fire Elementalist, began the quest for the Orb.
     0 | D:1      | Reached XP level 1. HP: 10/10 MP: 5/5
    28 | D:1      | You fall through a shaft!
   628 | D:2      | Reached XP level 2. HP: 15/15 MP: 0/8
   697 | D:2      | Learned a level 2 spell: Throw Flame
   752 | D:2      | Found a deep blue altar of Sif Muna.
  1352 | D:2      | Gained mutation: You tend to lose your temper in combat. [potion of mutation]
  1352 | D:2      | Gained mutation: You have large cloven feet. [potion of mutation]
  1352 | D:2      | Gained mutation: You can spit poison. [potion of mutation]
  1737 | D:3      | Reached XP level 3. HP: 11/20 MP: 0/11
  1741 | D:3      | HP: 1/20 [orc wizard/dagger (1)]
  1741 | D:3      | Slain by an orc

Action                   || total
-------------------------++-------
Melee: Short sword       ||    11
 Cast: Flame Tongue      ||    22
       Throw Flame       ||    19
 Abil: Spit Poison       ||     2
  Use: Potion            ||     5
       Scroll            ||     2
  Eat: Chunk             ||     3

Vault maps used:
D:1:      dpeg_arrival_court
D:2:      nicolae_overflow_crystal_walls
D:3:      uniq_sigmund
